[ AOE2 MATCH · #475937399 ]
UnrankedMalay vs Vietnamese
Player's team · WIN
[ REPLAY ANALYSIS · EXTRACTED FROM THE RECORDED GAME ]
Feudal
—
Castle
—
Imperial
—
| APM avg | 51.1 |
| APM peak | 187 |
| eAPM avg | 42.7 |
| Villagers / military | 121 / 78 |
Focus
⚔️ 15.7% · 🌾 84.3%
Archer ×37 · Battle Elephant ×27 · Skirmisher ×8 · Spearman ×4 · Trebuchet (Packed) ×2
Feudal
—
Castle
—
Imperial
—
| APM avg | 29.2 |
| APM peak | 57 |
| eAPM avg | 13.1 |
| Villagers / military | 77 / 103 |
Focus
⚔️ 37.0% · 🌾 63.0%
Knight ×38 · Archer ×24 · Skirmisher ×23 · Fire Lancer ×10 · Spearman ×6 · Monk ×2
Match map
Initial resources + every placement click. Lines = walls · curves = elevation contours. ◆ gold · ⬟ stone · ● berries · ✦ relic · ◌ wall gap
Your base· Open — opponent sealed themselves in
bam-ui gisa's base· ✓ Closed at 20:16 · 24t walls · no gate
Smoothed initial terrain · ◌ = detected wall gap · hover for details
Inputs per minute
— KeenWallaby - - bam-ui gisa
Build order — KeenWallaby
First 150 of 639 actions detected
| 0:01 | Create | Villager (Male) |
| 0:01 | Create | Villager (Male) |
| 0:02 | Create | Villager (Male) |
| 0:05 | Build | House |
| 0:10 | Build | House |
| 0:40 | Build | House |
| 1:06 | Create | Villager (Male) |
| 1:39 | Create | Villager (Male) |
| 1:48 | Build | Lumber Camp |
| 2:07 | Create | Villager (Male) |
| 2:30 | Create | Villager (Male) |
| 2:59 | Create | Villager (Male) |
| 3:13 | Create | Villager (Male) |
| 3:51 | Create | Villager (Male) |
| 4:20 | Create | Villager (Male) |
| 4:29 | Build | Mill |
| 4:34 | Create | Villager (Male) |
| 4:51 | Build | House |
| 5:16 | Create | Villager (Male) |
| 5:57 | Create | Villager (Male) |
| 5:57 | Create | Villager (Male) |
| 5:57 | Create | Villager (Male) |
| 5:59 | Create | Villager (Male) |
| 6:00 | Create | Villager (Male) |
| 6:20 | Create | Villager (Male) |
| 7:19 | Build | Barracks |
| 7:21 | Build | House |
| 8:11 | Create | Villager (Male) |
| 8:13 | Create | Villager (Male) |
| 8:13 | Create | Villager (Male) |
| 8:47 | Build | Mining Camp |
| 9:08 | Research | Loom |
| 9:19 | Build | House |
| 9:21 | Build | House |
| 9:23 | Research | Feudal Age |
| 9:51 | Build | House |
| 10:20 | Create | Villager (Male) |
| 10:20 | Create | Villager (Male) |
| 10:35 | Build | Palisade Wall |
| 10:49 | Build | House |
| 10:51 | Build | House |
| 11:02 | Build | Palisade Wall |
| 11:06 | Build | House |
| 11:23 | Build | Archery Range |
| 11:31 | Build | Farm |
| 11:44 | Build | Blacksmith |
| 11:46 | Create | Villager (Male) |
| 12:11 | Create | Villager (Male) |
| 12:14 | Create | Archer |
| 12:14 | Create | Archer |
| 12:20 | Build | Farm |
| 12:20 | Build | Farm |
| 12:20 | Build | Farm |
| 12:40 | Create | Villager (Male) |
| 12:42 | Create | Archer |
| 12:42 | Create | Archer |
| 12:58 | Build | Farm |
| 12:58 | Build | Farm |
| 12:58 | Build | Farm |
| 12:59 | Build | Farm |
| 13:15 | Create | Villager (Male) |
| 13:25 | Create | Archer |
| 13:31 | Build | Farm |
| 13:31 | Build | Farm |
| 13:40 | Build | House |
| 13:43 | Create | Villager (Male) |
| 14:07 | Create | Archer |
| 14:14 | Create | Villager (Male) |
| 14:28 | Research | Double-Bit Axe |
| 14:33 | Create | Skirmisher |
| 14:38 | Create | Villager (Male) |
| 14:57 | Create | Villager (Male) |
| 15:10 | Build | Market |
| 15:30 | Build | Lumber Camp |
| 15:33 | Create | Villager (Male) |
| 15:37 | Research | Fletching |
| 15:42 | Create | Archer |
| 15:55 | Create | Villager (Male) |
| 16:00 | Create | Archer |
| 16:00 | Create | Archer |
| 16:19 | Research | Wheelbarrow |
| 16:42 | Create | Archer |
| 16:43 | Create | Skirmisher |
| 16:43 | Create | Skirmisher |
| 16:49 | Create | Villager (Male) |
| 17:10 | Research | Padded Archer Armor |
| 17:14 | Create | Archer |
| 17:21 | Build | Archery Range |
| 17:39 | Create | Villager (Male) |
| 17:42 | Create | Archer |
| 17:56 | Create | Villager (Male) |
| 18:13 | Create | Villager (Male) |
| 18:17 | Create | Skirmisher |
| 18:23 | Build | Farm |
| 18:23 | Build | Farm |
| 18:23 | Build | Farm |
| 18:23 | Build | Farm |
| 18:23 | Build | Farm |
| 18:23 | Build | Farm |
| 18:23 | Build | Farm |
| 18:23 | Build | Farm |
| 18:23 | Build | Farm |
| 18:23 | Build | Farm |
| 18:23 | Build | Farm |
| 18:23 | Build | Farm |
| 18:23 | Build | Farm |
| 18:23 | Build | Farm |
| 18:23 | Build | Farm |
| 18:23 | Build | Farm |
| 18:28 | Build | Farm |
| 18:28 | Build | Farm |
| 18:28 | Build | Farm |
| 18:28 | Build | Farm |
| 18:28 | Build | Farm |
| 18:28 | Build | Farm |
| 18:28 | Build | Farm |
| 18:28 | Build | Farm |
| 18:28 | Build | Farm |
| 18:28 | Build | Farm |
| 18:28 | Build | Farm |
| 18:29 | Build | Farm |
| 18:29 | Build | Farm |
| 18:29 | Create | Skirmisher |
| 18:29 | Create | Skirmisher |
| 18:30 | Build | Farm |
| 18:30 | Build | Farm |
| 18:30 | Build | Farm |
| 18:30 | Build | Farm |
| 18:30 | Build | Farm |
| 18:30 | Build | Farm |
| 18:30 | Build | Farm |
| 18:33 | Build | Farm |
| 18:33 | Build | Farm |
| 18:33 | Build | Farm |
| 18:33 | Build | Farm |
| 18:33 | Build | Farm |
| 18:33 | Build | Farm |
| 18:33 | Build | Farm |
| 18:33 | Build | Farm |
| 18:33 | Build | Farm |
| 18:33 | Build | Farm |
| 18:33 | Build | Farm |
| 18:33 | Build | Farm |
| 18:33 | Build | Farm |
| 18:33 | Build | Farm |
| 18:33 | Build | Farm |
| 18:33 | Build | Farm |
| 18:33 | Build | Farm |
| 18:33 | Build | Farm |
| 18:33 | Build | Farm |
Build order — bam-ui gisa
First 150 of 303 actions detected
| 0:01 | Create | Villager (Male) |
| 0:02 | Create | Villager (Male) |
| 0:02 | Create | Villager (Male) |
| 0:03 | Build | House |
| 0:05 | Build | House |
| 0:13 | Create | Villager (Male) |
| 0:13 | Create | Villager (Male) |
| 1:28 | Create | Villager (Male) |
| 2:05 | Create | Villager (Male) |
| 2:14 | Build | Lumber Camp |
| 2:29 | Create | Villager (Male) |
| 2:29 | Create | Villager (Male) |
| 3:09 | Create | Villager (Male) |
| 3:09 | Create | Villager (Male) |
| 3:10 | Create | Villager (Male) |
| 4:30 | Create | Villager (Male) |
| 4:36 | Build | House |
| 4:39 | Create | Villager (Male) |
| 4:55 | Create | Villager (Male) |
| 5:04 | Create | Villager (Male) |
| 5:22 | Create | Villager (Male) |
| 5:26 | Build | Mill |
| 5:56 | Research | Loom |
| 6:25 | Build | Farm |
| 6:54 | Research | Feudal Age |
| 8:13 | Build | Mining Camp |
| 8:14 | Create | Villager (Male) |
| 9:19 | Build | Barracks |
| 9:21 | Build | House |
| 9:22 | Create | Villager (Male) |
| 9:46 | Research | Double-Bit Axe |
| 10:06 | Create | Villager (Male) |
| 10:11 | Create | Villager (Male) |
| 10:17 | Build | House |
| 10:29 | Build | Palisade Wall |
| 10:31 | Create | Villager (Male) |
| 10:42 | Create | Villager (Male) |
| 10:52 | Create | Spearman |
| 11:11 | Build | Blacksmith |
| 11:20 | Build | Archery Range |
| 11:28 | Create | Villager (Male) |
| 11:54 | Create | Villager (Male) |
| 11:58 | Build | Archery Range |
| 12:13 | Build | House |
| 12:16 | Build | Palisade Wall |
| 12:18 | Create | Villager (Male) |
| 12:32 | Create | Villager (Male) |
| 12:35 | Create | Archer |
| 12:38 | Build | House |
| 12:46 | Build | Mill |
| 13:01 | Create | Villager (Male) |
| 13:03 | Create | Archer |
| 13:06 | Create | Archer |
| 13:20 | Build | Palisade Wall |
| 13:22 | Create | Villager (Male) |
| 13:25 | Build | Market |
| 13:28 | Create | Archer |
| 13:39 | Create | Archer |
| 13:54 | Build | House |
| 13:59 | Create | Archer |
| 14:09 | Build | Farm |
| 14:15 | Create | Villager (Male) |
| 14:20 | Build | Farm |
| 14:25 | Create | Archer |
| 14:37 | Create | Villager (Male) |
| 14:40 | Create | Archer |
| 14:51 | Build | House |
| 14:54 | Create | Archer |
| 15:00 | Build | Farm |
| 15:05 | Create | Archer |
| 15:09 | Research | Horse Collar |
| 15:15 | Create | Villager (Male) |
| 15:16 | Create | Archer |
| 15:32 | Create | Villager (Male) |
| 15:40 | Build | Palisade Wall |
| 15:43 | Create | Archer |
| 15:59 | Create | Villager (Male) |
| 16:04 | Build | Farm |
| 16:06 | Build | Farm |
| 16:14 | Build | Farm |
| 16:15 | Create | Villager (Male) |
| 16:21 | Build | Farm |
| 16:45 | Research | Padded Archer Armor |
| 16:50 | Research | Fletching |
| 16:51 | Create | Villager (Male) |
| 16:52 | Create | Archer |
| 16:54 | Create | Archer |
| 17:06 | Create | Villager (Male) |
| 17:06 | Create | Villager (Male) |
| 17:08 | Create | Archer |
| 17:10 | Create | Archer |
| 17:16 | Create | Archer |
| 17:19 | Build | House |
| 17:26 | Build | Farm |
| 17:28 | Build | Farm |
| 17:31 | Build | Farm |
| 17:32 | Create | Archer |
| 17:36 | Create | Villager (Male) |
| 17:44 | Create | Archer |
| 17:51 | Build | House |
| 18:02 | Create | Villager (Male) |
| 18:14 | Create | Archer |
| 18:22 | Build | House |
| 18:24 | Create | Archer |
| 18:44 | Create | Villager (Male) |
| 18:56 | Build | House |
| 18:57 | Create | Archer |
| 19:04 | Create | Archer |
| 19:17 | Build | Farm |
| 19:20 | Build | Farm |
| 19:24 | Build | Farm |
| 20:16 | Research | Castle Age |
| 20:16 | Research | Castle Age |
| 20:31 | Build | Stable |
| 20:46 | Create | Archer |
| 20:46 | Create | Skirmisher |
| 21:07 | Build | Palisade Wall |
| 21:14 | Build | Farm |
| 21:15 | Build | Farm |
| 21:15 | Build | Farm |
| 21:17 | Build | Farm |
| 21:30 | Research | Bloodlines |
| 21:34 | Create | Villager (Male) |
| 21:36 | Research | Scale Barding Armor |
| 21:47 | Build | Farm |
| 21:50 | Build | Farm |
| 21:58 | Research | Forging |
| 22:33 | Build | Stable |
| 22:35 | Create | Villager (Male) |
| 22:48 | Build | Watch Tower |
| 23:03 | Create | Knight |
| 23:22 | Research | Husbandry |
| 23:30 | Research | Iron Casting |
| 23:34 | Research | Chain Barding Armor |
| 23:45 | Create | Knight |
| 23:50 | Create | Villager (Male) |
| 23:54 | Build | Farm |
| 24:09 | Create | Knight |
| 24:19 | Build | Farm |
| 24:19 | Build | Farm |
| 24:20 | Build | Farm |
| 24:21 | Build | Farm |
| 24:21 | Build | Farm |
| 24:24 | Build | Farm |
| 24:24 | Build | Farm |
| 24:25 | Build | Farm |
| 24:25 | Build | Farm |
| 24:25 | Build | Farm |
| 24:31 | Create | Knight |
| 24:52 | Create | Villager (Male) |
Match timeline
| 7:19 | KeenWallaby · first_building Barracks |
| 9:19 | bam-ui gisa · first_building Barracks |
| 10:29 | bam-ui gisa · wall_segment Palisade Wall x4 |
| 10:35 | KeenWallaby · wall_segment Palisade Wall x11 |
| 11:02 | KeenWallaby · wall_segment Palisade Wall x8 |
| 11:20 | bam-ui gisa · first_building Archery Range |
| 11:23 | KeenWallaby · first_building Archery Range |
| 12:16 | bam-ui gisa · wall_segment Palisade Wall x4 |
| 13:20 | bam-ui gisa · wall_segment Palisade Wall x10 |
| 15:40 | bam-ui gisa · wall_segment Palisade Wall x6 |
| 20:31 | bam-ui gisa · first_building Stable |
| 21:07 | bam-ui gisa · wall_segment Palisade Wall x1 |
| 21:31 | KeenWallaby · first_building Stable |
| 24:42 | KeenWallaby · first_market_sell 100 food |
| 25:20 | bam-ui gisa · first_building Monastery |
| 29:36 | bam-ui gisa · first_market_buy 100 stone |
| 31:58 | KeenWallaby · first_market_buy 100 stone |
| 34:32 | KeenWallaby · first_building Castle |
| 37:06 | KeenWallaby · first_building Siege Workshop |
| 38:02 | bam-ui gisa · first_market_sell 100 wood |
| 39:35 | bam-ui gisa · first_building Castle |
| 47:10 | bam-ui gisa · resign |
[ AI ANALYSIS · 1 CREDIT ]
What really happened in this match?
Wolo.gg analyzes every decision: build order, eco, micro, common mistakes by bracket. Personalized analysis on WhatsApp or Discord in 30 seconds.
Civ guide
Malay
Perfil
Jugador #20072311